 Dungeon Crawl Stone Soup version 0.29.0-5-ge4962eb29e (webtiles) character file.

Game seed: 17524655536731012118

17 RascalDebosk the Chopper (level 2, -2/31 HPs)
             Began as an Ogre Gladiator on Aug 29, 2022.
             Slain by a goblin
             ... wielding a +0 dagger
             ... led by Robin
              (3 damage)
             ... on level 1 of the Dungeon.
             The game lasted 00:07:45 (930 turns).

RascalDebosk the Chopper (Ogre Gladiator)            Turns: 930, Time: 00:07:46

Health: -2/31      AC:  3    Str: 17    XL:     2   Next: 62%
Magic:  11/11      EV: 10    Int:  9    God:
Gold:   68         SH:  0    Dex: 10    Spells: 1/1 levels left

rFire   . . .      SeeInvis .   a - +0 war axe
rCold   . . .      Faith    .   (no shield)
rNeg    . . .      Spirit   .   h - +0 robe
rPois   .          Reflect  .   c - +0 hat
rElec   .          Harm     .   (no cloak)
rCorr   .          Rampage  .   (gloves unavailable)
Will    .....                   (boots unavailable)
Stlth   +.........              (no amulet)
HPRegen 0.10/turn               b - ring of magical power
MPRegen 0.12/turn               (no ring)

@: no status effects
A: large, unfitting armour, tough skin 1
a: no special abilities


You were on level 1 of the Dungeon.
You visited 1 branch of the dungeon, and saw 2 of its levels.

You collected 68 gold pieces.

Inventory:

Hand Weapons
 a - a +0 war axe (weapon)
Missiles
 d - 3 throwing nets (quivered)
 e - a large rock
Armour
 c - a +0 hat (worn)
 h - a +0 robe (worn)
Jewellery
 b - a ring of magical power (left hand)
Scrolls
 f - 2 scrolls of identify {unknown}
 g - a scroll of immolation
 j - a scroll of teleportation {unknown}
Potions
 i - a potion of haste {unknown}


   Skills:
 + Level 3.1 Fighting
 + Level 3.2 Axes
 + Level 2.3 Throwing
 + Level 2.9 Dodging


You had one spell level left.
You didn't know any spells.
Your spell library was empty.

Dungeon Overview and Level Annotations

Branches:
Dungeon (2/15)

Altars:

Annotations:
D:2 Robin


Innate Abilities, Weirdness & Mutations

You are too large for most types of armour.
You have tough skin. (AC +1)


Message History

Robin throws the goblin at you! The hobgoblin barely misses you.
The goblin hits you but does no damage.
You barely miss the hobgoblin.
The hobgoblin is severely wounded.
You closely miss the goblin. x2; You hit the goblin.
You kill the goblin!
The hobgoblin hits you.
A hound comes into view.
You closely miss the hobgoblin.
The hobgoblin is severely wounded.
You closely miss the goblin. x2
The hound barks!
You hit the goblin. You closely miss the goblin. The goblin barely misses you.
The hobgoblin closely misses you. The goblin barely misses you.
The goblin hits you with a +0 dagger. The goblin hits you but does no damage.
The goblin closely misses you. The goblin barely misses you.
The goblin closely misses you. The goblin hits you with a +0 dagger.
The hobgoblin hits you.
The goblin closely misses you. x2; Robin throws the goblin at you!
The hobgoblin hits you. The goblin hits you with a +0 dagger.
* * * LOW HITPOINT WARNING * * *
The goblin barely misses you. The goblin hits you but does no damage.
You climb upwards.
There is a stone staircase leading down here.
You slash the goblin!
You kill the goblin!
You barely miss the goblin. You closely miss the goblin.
You closely miss the hobgoblin. You completely miss the goblin.
The goblin hits you with a +0 dagger.
* * * LOW HITPOINT WARNING * * *
The goblin hits you with a +0 dagger.
* * * LOW HITPOINT WARNING * * *
The hobgoblin barely misses you. The goblin hits you with a +0 dagger.
* * * LOW HITPOINT WARNING * * *
You closely miss the goblin. You hit the hobgoblin but do no damage.
You barely miss the goblin. You hit the goblin but do no damage.
The goblin hits you with a +0 dagger.
* * * LOW HITPOINT WARNING * * *
The goblin hits you with a +0 dagger.
You die...

#.#####.# ##########.#####.#
###..........#...#.#####
#.......#........#)....####
#.......#........#........#
###.......#........#........#
..........#........#.#......#
..........####.gg#.#.#......####
..........+.....@).#.+......+..#
†.........#....gg....#......##.#
.....(....#..........#......##.#
...##+#####.................##.#
...##+#..........###........##.#
.....)...#...#######........##.##
.........#.........#.............
.........#..#####.......####.#.##
.........#..#...###...### #.#.#


You could see a hobgoblin (strong) and 3 goblins.

Vanquished Creatures
  A dart slug (D:2)
  4 goblins
  3 jackals (D:1)
  2 ball pythons (D:1)
  A frilled lizard (D:1)
  A kobold (D:1)
  2 rats (D:1)
14 creatures vanquished.

Notes
Turn   | Place    | Note
-------+----------+-------------------------------------------
     0 | D:1      | RascalDebosk the Ogre Gladiator began the quest for the
                  | Orb.
     0 | D:1      | Reached XP level 1. HP: 22/22 MP: 1/1
   173 | D:1      | Found a faded altar of an unknown god.
   308 | D:1      | Reached XP level 2. HP: 29/29 MP: 1/2
   921 | D:2      | Noticed Robin
   930 | D:1      | HP: 1/31 [goblin/+0 dagger[Robin] (1)]
   930 | D:1      | Slain by a goblin

Illustrated notes

Levels and vault maps discovered:
D:1:      arrival_zaba_pyramid, layout_basic, hellmonk_ecumenical_altar_blasted
D:2:      layout_loops_cross, basic_altar, uniq_robin, uniq_terence

Skill      XL: |  1  2 |
---------------+-------+-----
Fighting       | 3 |  3.1
Axes           | |  3.2
Throwing       | |  2.3
Dodging        | |  2.9

Action                   || total
-------------------------++-------
Melee: War axe           ||    28
Armor: Robe              ||    12
Dodge: Dodged            ||    25
